 Dungeon Crawl Stone Soup version 0.28.0 (webtiles) character file.

Game seed: 14054219867712648980

6841 unlimited1921 the Thaumaturge (level 11, 0/93 HPs)
             Began as a Djinni Fire Elementalist on Feb 9, 2022.
             Was a Believer of Cheibriados.
             Killed from afar by an acid dragon (7 damage)
             ... with a splash of acid
             ... on level 9 of the Dungeon on Feb 10, 2022.
             The game lasted 01:38:28 (18250 turns).

unlimited1921 the Thaumaturge (DjFE)               Turns: 18250, Time: 01:38:28

Health: 0/93       AC: 17    Str: 12    XL:     11   Next: 26%
Gold:   198        EV: 12    Int: 26    God:    Cheibriados [**....] SH:  0 Dex: 19

rFire   . . .      SeeInvis .   (weapon currently unavailable)
rCold   + + +      Faith    .   (shield currently unavailable)
rNeg    . . .      Spirit   .   (armour currently unavailable)
rPois   ∞          Reflect  .   (helmet currently unavailable)
rElec   +          Harm     .   (cloak currently unavailable)
rCorr   +          Rampage  .   (gloves currently unavailable)
Will    +....                   (boots unavailable)
Stlth   +++.......              (no amulet)
HPRegen 0.25/turn               u - ring of Bimymuaq {rC++ AC+4}
MPRegen 0.00/turn               (no ring)

@: ice-form, resistant, flying, very slow
A: freezing attack, flying, boosted hp, sickness immunity, large, (fire
resistance 2), (cold vulnerability 1), float, innate caster, HP casting, extra
vitality 1
a: End Transformation, Renounce Religion, Bend Time


You were on level 9 of the Dungeon.
You worshipped Cheibriados.
Cheibriados was pleased with you.
You were a creature of crystalline ice.
You visited 2 branches of the dungeon, and saw 10 of its levels.

You collected 360 gold pieces.
You spent 162 gold pieces at shops.

Inventory:

Hand Weapons
 a - a +5 hand axe
 f - a +2 dagger of holy wrath
 i - a +3 long sword
 v - a +0 hunting sling
 y - a +5 flail
 z - the +4 spear "Ciaceohe" (melded) {vorpal, rPois rF+ Int+3}
   (You found it on level 6 of the Dungeon)

   It inflicts extra damage upon your enemies.
   Int:       It affects your intelligence (+3).
   rF:        It protects you from fire.
   rPois:     It protects you from poison.
 A - a +0 fustibalus
 F - a +1 long sword of holy wrath
 K - a +0 hand crossbow
 O - a +3 spear of freezing
 P - a +2 great sword
 R - a +2 whip of flaming
 T - a +5 war axe of freezing
 U - a +0 rapier of pain
 V - a +0 short sword of venom
Missiles
 e - 179 stones
 j - 169 arrows
 l - 2 boomerangs
 n - 68 sling bullets
 r - a curare-tipped dart
 x - 5 datura-tipped darts
 C - 11 large rocks
 G - 12 poisoned darts
 H - 37 bolts
Armour
 h - quicksilver dragon scales (melded)
 Q - a +0 cloak (melded)
 S - +0 steam dragon scales
 X - a +2 helmet of intelligence (melded)
Jewellery
 u - the ring of Bimymuaq (left front paw) {rC++ AC+4}
   (You found it on level 4 of the Dungeon)

   [ring of protection]

   AC:        It affects your AC (+4).
   rC:        It greatly protects you from cold.
Wands
 g - a wand of flame (38)
 D - a wand of iceblast (8)
 J - a wand of digging (1)
 L - a wand of acid (6) (quivered)
 W - a wand of mindburst (11)
Scrolls
 b - 2 scrolls of holy word
 k - 2 scrolls of magic mapping
 o - 3 scrolls of teleportation
 p - a scroll of vulnerability {unknown}
 E - a scroll of blinking
 M - a scroll of immolation
Potions
 c - 5 potions of might
 m - 3 potions of attraction {unknown}
 q - a potion of degeneration {unknown}
 t - a potion of brilliance {unknown}
 w - a potion of curing
 I - a potion of flight
 N - 2 potions of haste {unknown}


   Skills:
 * Level 6.8 Fighting
 + Level 0.5 Axes
 + Level 0.1(0.3) Maces & Flails
 + Level 0.3 Throwing
 * Level 7.2 Armour
 * Level 4.6 Dodging
 + Level 3.6 Stealth
 + Level 9.6 Spellcasting
 + Level 0.4 Evocations


You had 3 spell levels left.
You knew the following spells:

 Your Spells              Type           Power      Damage    Failure   Level
a - Foxfire               Conj/Fire      100%       2x1d9     1%          1
b - Scorch                Fire           100%       2d10      1%          2
c - Conjure Flame         Conj/Fire      58%        6-21      1%          3
d - Inner Flame           Hex/Fire       58%        N/A       1%          3
e - Flame Wave            Conj/Fire      58%        2d11      1%          4
f - Summon Small Mammal   Summ           100%       N/A       1%          1
g - Ensorcelled Hibernat  Hex/Ice        100%       N/A       1%          2
h - Call Imp              Summ           58%        N/A       1%          2
i - Ice Form              Ice/Tmut       58%        N/A       1%          4
j - Summon Lightning Spi  Summ/Air       58%        N/A       1%          4
Your spell library was empty.

Dungeon Overview and Level Annotations

Branches:
Dungeon (9/15)             Temple (1/1) D:7
   Lair: D:8-11         Orc: D:9-12

Altars:
Ashenzari
Cheibriados
Dithmenos
Elyvilon
Fedhas
Gozag
Hepliaklqana
Kikubaaqudgha
Makhleb
Nemelex Xobeh
Okawaru
Qazlal
Ru
Sif Muna
Trog
Uskayaw
Vehumet
Wu Jian
Xom
Yredelemnul
Zin
The Shining One

Shops:
D:6 *

Annotations:
D:9 1 runed translucent door


Innate Abilities, Weirdness & Mutations

You are a creature of crystalline ice.
You have a powerful freezing melee attack.
You are flying.
Your maximum health is increased.
Your armour is entirely melded.
You are incapable of wielding weapons or throwing items.
You are immune to sickness and miasma.
You are immune to poison.
((Your flesh is very heat resistant. (rF++)))
((You are vulnerable to cold. (rC-)))
You float through the air rather than walking.
You learn spells naturally, not from books.
Your magical power is your life essence.
You have superior vitality. (+4 MHP)


Message History

Ouch! That really hurt!
* * * LOW HITPOINT WARNING * * *
The fiery explosion engulfs the gnoll!!!
You kill the gnoll!
Cheibriados thoroughly appreciates the change of pace.
Your lightning spire disappears in a puff of smoke!
You hear two shouts!
You hear a shout! x2
Unknown command.
As you read the scroll of teleportation, it crumbles to dust.
You feel strangely unstable.
You are engulfed in blazing flames.
* * * LOW HITPOINT WARNING * * *
A gnoll comes into view. It is wielding a +0 spear.
Unknown command.
You feel much better.
You are engulfed in blazing flames.
* * * LOW HITPOINT WARNING * * *
You swap places.
You are engulfed in blazing flames.
* * * LOW HITPOINT WARNING * * *
Your crimson imp blinks!
You feel better.
You are engulfed in blazing flames.
* * * LOW HITPOINT WARNING * * *
Your surroundings suddenly seem different.
An acid dragon comes into view.
The acid dragon moves out of view.
You start resting.
An acid dragon is nearby!
Unknown command.
Press: ? - help, v - describe, . - travel
Here: an acid dragon (water, wandering, hasn't noticed you) Some deep water.
Unknown command.
You feel protected.
Casting: Ice Form (mildly dangerous; 1% risk of failure)
Confirm with . or Enter, or press ? or * to list all spells.
A beastly little devil appears in a puff of flame.
Your crimson imp says, "Let's sow destruction!"
The acid dragon roars!
* * * LOW HITPOINT WARNING * * *
The acid dragon spits acid at you. The splash of acid hits you! You resist.
You die...

#########
........#
≈≈≈≈≈≈..#
≈≈≈≈≈≈..#
#≈≈..#
#≈≈5Y#
#≈≈..+
#≈≈..#
#≈≈..#
#≈≈..#
#D≈..#
≈≈≈..#
≈≈≈≈.##


You could see an acid dragon (catching breath, ally target) and a friendly
crimson imp (summoned).

Vanquished Creatures
  A two-headed ogre (D:7)
  Pikel (D:8)
  The ghost of Sharkman1231 the Destroyer, a novice TeCj of Makhleb (D:7)
  A gargoyle (D:7)
  A troll (D:7)
  A wraith (D:8)
  Grum (D:8)
  The ghost of sirJeffrey23 the Firebug, an amateur HOFE of Elyvilon (D:5)
  Menkaure (D:7)
  A steam dragon (D:8)
  An acid dragon (D:7)
  2 water moccasins
  2 ice beasts (D:7)
  2 orc warriors
  An ogre (D:5)
  4 wolves (D:8)
  3 centaurs
  3 kobold brigands
  3 bullfrogs
  2 scorpions
  21 wights
  4 electric eels (D:7)
  2 howler monkeys
  A centaur zombie (D:6)
  2 bullfrog zombies (D:6)
  5 hounds
  2 jellies
  3 orc priests
  2 centaur skeletons (D:7)
  2 gnoll shamans
  Jessica (D:3)
  2 iguanas (D:5)
  3 orc wizards
  2 howler monkey zombies
  22 gnolls
  3 adders
  6 dart slugs
  30 orcs
  7 endoplasms
  A giant cockroach (D:3)
  7 goblins
  9 hobgoblins
  11 jackals
  2 quokkas
  4 ball pythons
  A bat (D:3)
  2 frilled lizards
  23 kobolds
  6 rats
  A spectral kobold (D:1)
220 creatures vanquished.

Vanquished Creatures (collateral kills)
  A water moccasin (D:5)
  A lemure (D:8)
  2 wights (D:8)
  2 orc wizards (D:9)
  A gnoll (D:9)
  An adder (D:5)
  2 goblins (D:8)
  A kobold (D:5)
  4 foxfires (D:1)
15 creatures vanquished.

Vanquished Creatures (others)
  506 foxfires
  5 plants (D:1)
511 creatures vanquished.

Grand Total: 746 creatures vanquished

Notes
Turn   | Place    | Note
-------+----------+-------------------------------------------
     0 | D:1      | unlimited1921 the Djinni Fire Elementalist began the quest
                  | for the Orb.
     0 | D:1      | Reached XP level 1. HP: 15/15 MP: 0/0
   571 | D:1      | Reached XP level 2. HP: 18/21 MP: 0/0
  1825 | D:1      | Reached XP level 3. HP: 24/25 MP: 0/0
  1825 | D:1      | Learned a level 1 spell: Summon Small Mammal
  1896 | D:1      | Reached skill level 3 in Spellcasting
  2315 | D:1      | Found a faded altar of an unknown god.
  4255 | D:2      | Reached XP level 4. HP: 31/31 MP: 0/0
  6297 | D:3      | Reached skill level 1 in Armour
  6586 | D:3      | Noticed Jessica
  6589 | D:3      | Killed Jessica
  6590 | D:3      | Reached XP level 5. HP: 31/36 MP: 0/0
  6590 | D:3      | Learned a level 2 spell: Ensorcelled Hibernation
  7699 | D:4      | Found a sacrificial altar of Ru.
  7753 | D:4      | Reached skill level 1 in Fighting
  7864 | D:4      | Reached XP level 6. HP: 40/42 MP: 0/0
  7895 | D:4      | Identified the ring of Bimymuaq {rC++ AC+4}
  7926 | D:4      | Identified the +0 robe of the Pit {-Cast Will+ Str+2 SInv}
  8502 | D:5      | Entered Level 5 of the Dungeon
  8518 | D:5      | Reached skill level 4 in Spellcasting
  8731 | D:5      | Reached XP level 7. HP: 38/48 MP: 0/0
  8731 | D:5      | Learned a level 2 spell: Call Imp
  9472 | D:5      | Noticed a water moccasin
  9476 | D:5      | Killed a water moccasin
  9477 | D:5      | Reached XP level 8. HP: 29/55 MP: 0/0
  9629 | D:5      | Reached skill level 5 in Spellcasting
 10036 | D:5      | Found a runed translucent gate.
 10036 | D:5      | Found a runed translucent gate.
 10270 | D:5      | Found a runed translucent gate.
 10273 | D:5      | Noticed sirJeffrey23's ghost (amateur HOFE)
 10659 | D:6      | Identified the +4 spear "Ciaceohe" {vorpal, rPois rF+
                  | Int+3}
 11180 | D:6      | Reached skill level 6 in Spellcasting
 11307 | D:6      | Found Doitwual's General Store.
 11330 | D:6      | Bought a wand of iceblast (1) for 65 gold pieces
 11330 | D:6      | Bought a scroll of blinking for 97 gold pieces
 11455 | D:7      | Reached XP level 9. HP: 44/62 MP: 0/0
 11455 | D:7      | Learned a level 4 spell: Ice Form
 11459 | D:7      | Reached skill level 5 in Armour
 11472 | D:7      | Noticed a two-headed ogre
 11481 | D:7      | Killed a two-headed ogre
 11746 | D:7      | Found a runed translucent gate.
 11746 | D:7      | Found a runed translucent gate.
 11772 | D:7      | Reached skill level 7 in Spellcasting
 11824 | D:7      | Noticed Menkaure
 11830 | D:7      | Killed Menkaure
 12455 | D:7      | Reached skill level 5 in Fighting
 12463 | D:7      | Reached XP level 10. HP: 40/70 MP: 0/0
 12714 | D:7      | Found a staircase to the Ecumenical Temple.
 12730 | Temple   | Entered the Ecumenical Temple
 12802 | Temple   | Became a worshipper of Cheibriados the Contemplative
 13233 | D:7      | Found a runed translucent gate.
 13234 | D:7      | Noticed Sharkman1231's ghost (novice TeCj)
 13470 | D:7      | Reached skill level 8 in Spellcasting
 13471 | D:7      | Noticed a gargoyle
 13479 | D:7      | Killed a gargoyle
 13885 | D:7      | Killed Sharkman1231's ghost
 13885 | D:7      | HP: 2/86 [spore (63)]
 14792 | D:8      | Reached * piety under Cheibriados
 14907 | D:8      | Reached skill level 9 in Spellcasting
 15518 | D:8      | Noticed Grum
 15546 | D:8      | Killed Grum
 15547 | D:8      | Reached XP level 11. HP: 11/77 MP: 0/0
 15547 | D:8      | Learned a level 4 spell: Summon Lightning Spire
 16387 | D:8      | Reached ** piety under Cheibriados
 16478 | D:8      | Noticed Pikel
 16486 | D:8      | Killed Pikel
 16905 | D:5      | Killed sirJeffrey23's ghost
 18230 | D:9      | Found a large runed translucent door.
 18245 | D:9      | HP: 2/93 [cloud of flame (24)]
 18250 | D:9      | Killed from afar by an acid dragon

Illustrated notes

Levels and vault maps discovered:
D:1:      scummos_arrival_simple_crosswalls, layout_loops_ring,
          dreamdust_ecumenical_altar_drowned_temple, serial_forest,
          infiniplex_forest_straight_2, infiniplex_forest_clump_medium,
          infiniplex_forest_clump_medium, infiniplex_forest_clump_tiny,
          infiniplex_forest_end_2, infiniplex_forest_clump_small,
          infiniplex_forest_lined_room_
D:2:      layout_basic
D:3:      layout_basic, uniq_jessica
D:4:      layout_loops_ring, gammafunk_temple_overflow_pools
D:5:      layout_loops_ring, gammafunk_ghost_nasty_kobolds,
          nicolae_ossuary_entry_ruins, corexii_corridor_pit
D:6:      layout_loops_cross, serial_shops, nicolae_square_shop
D:7:      kennysheep_big_flooded_room, layout_cave_pools,
          minmay_temple_entry_proselytizer, ebering_ghost_rock_garden,
          uniq_menkaure
D:8:      layout_cave_pods, enter_bailey_3, corexii_hall_statues_x, uniq_pikel,
          uniq_grum
D:9:      layout_roguey, erik_orc_2, kennysheep_pointless_box,
          serial_park_tiny_1, minmay_hollow_rounded_squares
Temple:   mainiacjoe_temple_big_plus

Skill      XL: |  1  2  3  4  5  6  7  8  9 10 11 |
---------------+----------------------------------+-----
Spellcasting   | 3 4 6 7 9 |  9.6
Stealth        | 2 3 |  3.6
Armour         | 2 3 4 6 7 |  7.2
Fighting       | 1 2 4 5 6 |  6.8
Dodging        | 3 4 |  4.6
Axes           | |  0.5
Maces & Flails | |  0.1
Throwing       | |  0.3
Evocations     | |  0.4

Action                   |  1- 3 |  4- 6 |  7- 9 | 10-12 || total
-------------------------+-------+-------+-------+-------++-------
Melee: Unarmed           |     1 |       |       |       ||     1
       Club              |     6 |       |       |       ||     6
       Whip              |     2 |       |       |       ||     2
       Punch             |     1 |     1 |       |       ||     2
       Hand axe          |     3 |    14 |       |       ||    17
Throw: Boomerang         |       |     4 |       |       ||     4
 Cast: Foxfire           |    75 |    86 |    81 |    76 ||   318
       Inner Flame       |       |    12 |    42 |    61 ||   115
       Scorch            |       |     8 |    21 |    28 ||    57
       Summon Small Mamm |       |     2 |     1 |     5 ||     8
       Call Imp          |       |       |     6 |    19 ||    25
       Ensorcelled Hiber |       |       |       |     2 ||     2
       Ice Form          |       |       |       |     2 ||     2
       Summon Lightning  |       |       |       |    13 ||    13
Evoke: Wand              |       |       |       |     8 ||     8
  Use: Scroll            |       |     4 |     1 |     8 ||    13
       Potion            |       |       |       |     6 ||     6
Armor: Robe              |     2 |       |       |       ||     2
       Quicksilver drago |       |    23 |    17 |    35 ||    75
       Skin              |       |       |       |     1 ||     1
Dodge: Dodged            |     9 |    22 |     8 |    46 ||    85
